 Dungeon Crawl Stone Soup version 0.20-a0-754-g13ddd6e (webtiles) character file.

3189 nubinia the Geomancer (level 9, -18/51 HPs)
             Began as a Gargoyle Earth Elementalist on Feb 25, 2017.
             Was a Follower of Sif Muna.
             Hit by a large rock thrown by a cyclops (36 damage)
             ... on level 8 of the Dungeon.
             The game lasted 00:43:15 (10056 turns).

nubinia the Geomancer (GrEE)                       Turns: 10056, Time: 00:43:16

Health: -18/51     AC: 10    Str: 14    XL:     9   Next: 95%
Magic:  4/17       EV: 13    Int: 23    God:    Sif Muna [*.....]
Gold:   457        SH:  4    Dex: 10    Spells: 13/19 levels left

rFire    + . .     SeeInvis .   r - -3 mace (curse)
rCold    . . .     Gourm    .   c - +0 robe
rNeg     + . .     Faith    .   w - +0 buckler
rPois    ∞         Spirit   .   (helmet restricted)
rElec    +         Reflect  .   L - +1 cloak
rCorr    .         Harm     .   s - +0 pair of gloves
MR       .....     Clarity  +   (no boots)
Stlth    ++........             (no amulet)
Regen    0.2/turn               t - +4 ring of intelligence
MPRegen  0.2/turn               o - ring of protection from fire

@: flying, divine energy
A: big wings, horns 1, clarity, negative energy resistance 1, electricity
resistance, strong 1, unbreathing, petrification resistance, rot immunity, AC +5
a: Stop Flying, Stop Divine Energy, Renounce Religion


You were on level 8 of the Dungeon.
You worshipped Sif Muna.
Sif Muna was aware of your devotion.
You were hungry.

You visited 2 branches of the dungeon, and saw 9 of its levels.

You collected 535 gold pieces.
You spent 78 gold pieces at shops.

Inventory:

Hand Weapons
 a - a +0 club
 k - a cursed +3 morningstar
 r - a cursed -3 mace (weapon)
 M - a +1 morningstar of flaming
Missiles
 b - 134 stones (quivered)
Armour
 c - a +0 robe (worn)
 s - a +0 pair of gloves (worn)
 w - a +0 buckler (worn)
 B - a +0 cloak
 L - a +1 cloak (worn)
Jewellery
 o - a ring of protection from fire (left hand)
 t - a +4 ring of intelligence (right hand)
Wands
 A - a wand of lightning (11/15)
 C - a wand of random effects (23/48)
 H - a wand of polymorph (9/24)
Scrolls
 f - 2 scrolls of fear
 l - a scroll of magic mapping
 q - a scroll of blinking
 x - a scroll of identify
 z - 2 scrolls of recharging
Potions
 g - 2 potions of heal wounds
 h - 8 potions of curing
 i - 3 potions of flight
 m - a potion of ambrosia
 n - 2 potions of magic
 D - a potion of brilliance
 E - a potion of mutation
 I - 2 potions of invisibility
 J - a potion of agility {unknown}
Books
 e - a book of Geomancy

   Spells                             Type                      Level
   a - Sandblast                      Earth                        1
   b - Passwall                       Transmutation/Earth          2
   c - Stone Arrow                    Conjuration/Earth            3
   d - Petrify                        Transmutation/Earth          4
   e - Lee's Rapid Deconstruction     Earth                        5
 p - a book of Air

   Spells                             Type                      Level
   a - Shock                          Conjuration/Air              1
   b - Swiftness                      Charms/Air                   2
   c - Static Discharge               Conjuration/Air              3
   d - Airstrike                      Air                          4
   e - Lightning Bolt                 Conjuration/Air              5
Comestibles
 d - 5 bread rations
 j - 2 royal jellies
 u - 3 meat rations
 v - 4 chunks of flesh
 F - 3 fruits


   Skills:
 + Level 3.5 Fighting
 + Level 5.4 Maces & Flails
 + Level 3.9 Dodging
 + Level 4.2 Stealth
 + Level 2.8 Shields
 + Level 5.8 Spellcasting
 * Level 4.6 Conjurations
 + Level 0.7 Transmutations
 * Level 9.1 Earth Magic
 + Level 0.1 Evocations


You had 13 spell levels left.
You knew the following spells:

 Your Spells              Type           Power        Failure   Level  Hunger
a - Sandblast             Erth           #####.       1%          1    None
b - Stone Arrow           Conj/Erth      #####.       1%          3    #......
p - Passwall              Tmut/Erth      ####......   1%          2    None


Dungeon Overview and Level Annotations

Branches:
Dungeon (8/15)             Temple (1/1) D:5
   Lair: D:8-11

Altars:
Ashenzari
Cheibriados
Dithmenos
Elyvilon
Fedhas
Gozag
Kikubaaqudgha
Makhleb
Nemelex Xobeh
Okawaru
Qazlal
Ru
Sif Muna
Trog
Uskayaw
Wu Jian
Xom
Zin
The Shining One

Shops:
D:4 **=   D:6 %

Annotations:
D:2 Terence
D:8 exclusion: two-headed ogre


Innate Abilities, Weirdness & Mutations

You are resistant to torment.
Your stone body is resilient. (AC +5)
You are immune to poison.
You resist negative energy. (rN+)
You are resistant to electric shocks. (rElec)
You can survive without breathing.
You are immune to petrification.
You are immune to rotting.
Your large and strong wings let you fly indefinitely.
You have a pair of small horns on your head.
You possess an exceptional clarity of mind.
Your muscles are strong. (Str +2)


Message History

Unknown command.
Unknown command.
Unknown command.
Casting: Sandblast
Confirm with . or Enter, or press ? or * to list all spells.
Aiming: Sandblast
Press: ? - help, Shift-Dir - straight line, f/p - yak
Aim: a yak (almost dead)
The blast of sand hits the yak.
You kill the yak!
Sif Muna accepts your kill.
b - 134 stones A cyclops comes into view.
You are feeling hungry.
The cyclops throws a large rock.
The large rock barely misses you.
The cyclops throws a large rock.
The large rock hits you!
You see here a large rock.
The cyclops throws a large rock.
The large rock hits you!!!
Ouch! That really hurt!
You die...

...........).#.#.#
.......##..)C#.#†#
....... #.(.#.#C#.# #.
.......##...#.#.#.# O#
#........#.#.#.. .#
#...÷....#.#.#### .#
#.......(#.#.. .#
#........#.###### .#
#......(@#.......######.#
#........########......(#
#................########
#........................
#..........^...........##
#............<#..........
#.........#...#..........
#......#..#...#.#......#.
###.##.#.##...#.#..#####


You could see a cyclops.

Vanquished Creatures
  A wyvern (D:8)
  A yak (D:8)
  A hungry ghost (D:4)
  Duvessa (D:4)
  3 sky beasts
  A phantom (D:6)
  3 ogres
  2 centaurs
  Blork the orc (D:6)
  2 bullfrogs
  Dowan (D:4)
  3 killer bees (D:7)
  10 wights
  2 howler monkeys
  A crimson imp (D:6)
  2 hounds (D:5)
  A centaur skeleton (D:4)
  4 orc wizards
  A bullfrog zombie (D:7)
  4 orc priests
  2 bullfrog skeletons
  Ijyb (D:2)
  2 iguanas
  7 worker ants
  A hound zombie (D:5)
  3 gnolls (D:3)
  15 adders
  2 shadow imps
  2 oozes
  An adder zombie (D:5)
  An adder skeleton (D:6)
  3 worms
  3 dart slugs
  4 leopard geckos
  30 orcs
  3 bats
  4 giant cockroaches
  11 goblins
  7 hobgoblins
  7 jackals
  4 kobolds
  A quokka (D:3)
  A ball python (D:2)
  3 frilled lizards
  A goblin skeleton (D:5)
  A goblin zombie (D:5)
  3 hobgoblin zombies (D:5)
  A jackal zombie (D:5)
  2 kobold zombies (D:5)
  3 leopard gecko zombies
  2 orc skeletons (D:5)
  An orc zombie (D:5)
  2 quokka skeletons
  14 rats
193 creatures vanquished.

Notes
Turn   | Place    | Note
-------+----------+-------------------------------------------
     0 | D:1      | nubinia the Gargoyle Earth Elementalist began the quest for the Orb.
     0 | D:1      | Reached XP level 1. HP: 10/10 MP: 3/3
   276 | D:1      | Reached XP level 2. HP: 2/15 MP: 3/5
   596 | D:1      | Reached skill level 1 in Maces & Flails
   699 | D:1      | Learned a level 2 spell: Passwall
   874 | D:2      | Noticed Ijyb
   980 | D:2      | Killed Ijyb
   980 | D:2      | Reached skill level 4 in Earth Magic
   980 | D:2      | Reached XP level 3. HP: 14/19 MP: 0/6
  1292 | D:2      | Noticed Terence
  1299 | D:2      | Learned a level 3 spell: Stone Arrow
  1355 | D:2      | Reached XP level 4. HP: 19/24 MP: 7/7
  1930 | D:2      | Found a sparkling altar of Nemelex Xobeh.
  2803 | D:3      | Reached XP level 5. HP: 26/28 MP: 9/9
  2856 | D:3      | Reached skill level 1 in Fighting
  3078 | D:3      | Found a shadowy altar of Dithmenos.
  3646 | D:3      | Gained mutation: Your large and strong wings let you fly indefinitely. [potion of mutation]
  3646 | D:3      | Gained mutation: You have a pair of small horns on your head. [potion of mutation]
  3646 | D:3      | Gained mutation: Your muscles are strong. (Str +2) [potion of mutation]
  3646 | D:3      | Gained mutation: You possess an exceptional clarity of mind. [potion of mutation]
  4101 | D:4      | Found Hionix's Assorted Antiques.
  4152 | D:4      | Found Yduag's Jewellery Emporium.
  4498 | D:4      | Noticed a hungry ghost
  4549 | D:3      | Reached XP level 6. HP: 34/34 MP: 3/10
  4937 | D:4      | Found Igusuaf's General Store.
  4945 | D:4      | Bought a scroll of magic mapping for 42 gold pieces
  4945 | D:4      | Bought a scroll of remove curse for 36 gold pieces
  5126 | D:4      | Noticed Duvessa
  5145 | D:4      | Killed Duvessa
  5145 | D:4      | Reached skill level 1 in Conjurations
  5145 | D:4      | Reached skill level 5 in Earth Magic
  5416 | D:4      | Reached XP level 7. HP: 40/40 MP: 1/12
  5526 | D:5      | Entered Level 5 of the Dungeon
  5663 | D:4      | Killed a hungry ghost
  5664 | D:4      | Noticed Dowan
  5742 | D:4      | Killed Dowan
  6026 | D:5      | Reached skill level 1 in Shields
  6172 | D:5      | Reached skill level 6 in Earth Magic
  6172 | D:5      | Reached XP level 8. HP: 45/45 MP: 10/14
  6638 | D:5      | Found a staircase to the Ecumenical Temple.
  6671 | Temple   | Entered the Ecumenical Temple
  6680 | Temple   | Became a worshipper of Sif Muna the Loreminder
  6993 | D:5      | Found a glowing golden altar of the Shining One.
  7476 | D:6      | Reached skill level 7 in Earth Magic
  7675 | D:6      | Noticed Blork the orc
  7681 | D:6      | Killed Blork the orc
  7740 | D:6      | Found Caix's Food Emporium.
  7798 | D:6      | Reached XP level 9. HP: 39/50 MP: 12/16
  7930 | D:6      | Reached skill level 5 in Spellcasting
  8632 | D:6      | Reached skill level 5 in Maces & Flails
  8834 | D:6      | Reached skill level 8 in Earth Magic
  9077 | D:7      | Reached * piety under Sif Muna
  9901 | D:8      | Noticed a two-headed ogre
 10042 | D:8      | Reached skill level 9 in Earth Magic
 10047 | D:8      | Noticed a cyclops
 10056 | D:8      | Hit by a large rock thrown by a cyclops

Vault maps used:
D:1:      lemuel_arrival_rhombus
D:2:      grunt_decor_cap, nemelex_diamond_rough_becter, uniq_terence, uniq_iyjb
D:3:      kennysheep_six_static_rooms, nicolae_dithmenos_through_a_glass_darkly
D:4:      serial_shops, nicolae_shop_stone, shop, nicolae_shop_behind_doors,
          first_bread, uniq_duvessa
D:5:      nicolae_overflow_hidden_temple, minmay_temple_entry_butterflies,
          kennysheep_decorative_pillar, minivault_25,
          nicolae_tso_besieged_by_evil
D:6:      serial_shops, kennysheep_mini_moat, uniq_blork_the_orc
D:8:      minmay_distorted_concentric_squares
Temple:   compressed_dpeg_circular_temple

Skill      XL: |  1  2  3  4  5  6  7  8  9 |
---------------+----------------------------+-----
Maces & Flails | 1 2 3 4 5 |  5.4
Earth Magic    | 4 5 6 7 9 |  9.1
Stealth        | 3 4 |  4.2
Dodging        | 2 3 |  3.9
Fighting       | 1 2 3 |  3.5
Spellcasting   | 3 4 5 |  5.8
Conjurations   | 1 2 3 4 |  4.6
Shields        | 1 2 |  2.8
Transmutations | |  0.7
Evocations     | |  0.1

Action                   |  1- 3 |  4- 6 |  7- 9 || total
-------------------------+-------+-------+-------++-------
Melee: Club              |    73 |   323 |       ||   396
       Headbutt          |       |    17 |    50 ||    67
       Mace              |       |    26 |   320 ||   346
 Cast: Sandblast         |    17 |     7 |    82 ||   106
       Stone Arrow       |       |    22 |    54 ||    76
Invok: Divine Energy     |       |       |     1 ||     1
 Abil: Fly               |       |     1 |       ||     1
Evoke: Wand              |       |       |     1 ||     1
  Use: Scroll            |     5 |     4 |     8 ||    17
       Potion            |     2 |     2 |       ||     4
 Stab: Sleeping          |     2 |     2 |     8 ||    12
  Eat: Chunk             |     2 |    13 |    18 ||    33
       Royal jelly       |       |     1 |       ||     1
Armor: Robe              |    30 |   150 |   159 ||   339
Dodge: Dodged            |    52 |   229 |   228 ||   509
Block: Buckler           |       |    33 |    69 ||   102
